 Dungeon Crawl Stone Soup version 0.19-a0-1291-gc8f5409 (webtiles) character file.

9 PurpleRed the Conjurer (level 2, 0/15 HPs)
             Began as a Deep Elf Conjurer on Aug 30, 2016.
             Slain by an adder (2 damage)
             ... on level 3 of the Dungeon.
             The game lasted 00:02:45 (406 turns).

PurpleRed the Conjurer (Deep Elf Conjurer)           Turns: 406, Time: 00:02:46

Health: 0/15       AC:  3    Str:  5    XL:     2   Next: 6%
Magic:  0/8        EV: 13    Int: 19    God:
Gold:   12         SH:  0    Dex: 15    Spells: 2 memorised, 4 levels left

rFire  . . .     SeeInvis .     h - +0 whip
rCold  . . .     Gourm    .     a - +0 robe
rNeg   . . .     Faith    .     (no shield)
rPois  .         Spirit   .     (no helmet)
rElec  .         Dismiss  .     (no cloak)
rCorr  .         Reflect  .     g - +0 pair of gloves
MR     .....     Harm     .     (no boots)
Stlth  ++........               (no amulet)
                                (no ring)
                                (no ring)

@: lethally poisoned (0 -> -5)
A: no striking features
a: no special abilities


You were on level 3 of the Dungeon.
You were not hungry.

You visited 1 branch of the dungeon, and saw 4 of its levels.

You collected 12 gold pieces.

Inventory:

Hand Weapons
 h - a +0 whip (weapon)
 i - a +0 short sword
 n - a +0 hand axe
Armour
 a - a +0 robe (worn)
 g - a +0 pair of gloves (worn)
Scrolls
 d - a scroll of amnesia {unknown}
 e - 3 scrolls of teleportation {unknown}
 j - a scroll of remove curse {unknown}
 k - a scroll of magic mapping {unknown}
 l - 2 scrolls of identify {unknown}
 m - 3 scrolls of recharging {unknown}
Books
 b - a book of Conjurations

   Spells                             Type                      Level
   a - Magic Dart                     Conjuration                  1
   b - Searing Ray                    Conjuration                  2
   c - Dazzling Spray                 Conjuration/Hexes            3
   d - Fulminant Prism                Conjuration/Hexes            4
   e - Iskenderun's Mystic Blast      Conjuration                  4
   f - Iskenderun's Battlesphere      Conjuration/Charms           5
Comestibles
 c - a bread ration
 f - a fruit


   Skills:
 - Level 2.4 Dodging
 - Level 2.4 Stealth
 + Level 3.4 Spellcasting
 * Level 4.7 Conjurations


You had 4 spell levels left.
You knew the following spells:

 Your Spells              Type           Power        Failure   Level  Hunger
a - Magic Dart            Conj           ###.         1%          1    None
b - Searing Ray           Conj           ###...       3%          2    ##.....


Dungeon Overview and Level Annotations

Branches:
Dungeon (4/15)
 Temple: D:4-7

Altars:

Annotations:
D:4 Eustachio


Message History

h - a +0 whip (weapon)
* * * LOW HITPOINT WARNING * * *
You feel sick. The adder closely misses you.
You closely miss the adder.
The adder is heavily wounded.
The adder bites you.
* * * LOW HITPOINT WARNING * * *
Casting: Searing Ray
Confirm with . or Enter, or press ? or * to list all spells.
Aiming: Magic Dart
Press: ? - help, Shift-Dir - straight line, f/p - adder
Aim: an adder (heavily wounded)
The magic dart hits the adder.
The adder is almost dead.
* * * LOW HITPOINT WARNING * * *
You feel sick. The adder closely misses you.
You barely miss the adder.
The adder is almost dead.
The adder bites you.
You die...

#.##.# #. #.# ##..#.## #.#
#.### #......# # ..###....
#......####.. ..##..#
#...........# #.#...#
#........## ######.#...##
#........######.(..........
#........#.............(...
#.........@###.###...######
#....<..>##S.......###
#........##......###
#........##......#
#..<.....##......#
###########......# ########


You could see an adder.

Vanquished Creatures
  A dart slug (D:2)
  A goblin (D:2)
  2 hobgoblins (D:2)
  2 kobolds (D:2)
  2 rats (D:2)
8 creatures vanquished.

Notes
Turn   | Place    | Note
-------+----------+-------------------------------------------
     0 | D:1      | PurpleRed the Deep Elf Conjurer began the quest for the Orb.
     0 | D:1      | Reached XP level 1. HP: 10/10 MP: 6/6
   333 | D:2      | Reached XP level 2. HP: 12/15 MP: 6/8
   339 | D:2      | Learned a level 2 spell: Searing Ray
   355 | D:4      | Noticed Eustachio
   406 | D:3      | Slain by an adder

Vault maps used:
D:1:      onia_arrival_pentagram
D:2:      serial_forest, infiniplex_forest_lined_corner,
          infiniplex_forest_clump_small, infiniplex_forest_clump_small,
          infiniplex_forest_clump_C, infiniplex_forest_straight_4,
          infiniplex_forest_end_2, infiniplex_forest_zigzag_2,
          infiniplex_forest_clump_double, infiniplex_forest_clump_curved,
          okawaru_altar_gauntlet_db
D:3:      first_bread, trog_hazing_becter, uniq_grinder
D:4:      serial_forest, infiniplex_forest_zigzag_1, infiniplex_forest_zigzag_1,
          infiniplex_forest_lined_room_3, infiniplex_forest_clump_small,
          infiniplex_forest_end_3, infiniplex_forest_clump_curved,
          infiniplex_forest_clump_curved, infiniplex_forest_lined_4_way,
          infiniplex_forest_end_1, serial_shops, nicolae_shop_behind_doors,
          feat_on_display, uniq_crazy_yiuf_cottage, uniq_blork_the_orc,
          uniq_eustachio, uniq_natasha

Action                   || total
-------------------------++-------
Melee: Whip              ||     2
 Cast: Magic Dart        ||    21
       Searing Ray       ||     2
Armor: Robe              ||     2
Dodge: Dodged            ||     5
